 Dungeon Crawl Stone Soup version 0.31-a0-960-g0fca184906 (webtiles) character file.

Game seed: 2408205409789257409

1442146 Forgeling the Invulnerable (level 26, 242/242 HPs)
             Began as an Armataur Fighter on Oct 24, 2023.
             Was the Champion of Nemelex Xobeh.
             Escaped with the Orb
             ... and 3 runes!
             The game lasted 02:31:56 (94887 turns).

Forgeling the Invulnerable (Armataur Fighter)      Turns: 94887, Time: 02:31:56

Health: 242/242    AC: 61    Str: 33      XL:     26   Next: 16%
Magic:  38/38      EV: 11    Int: 12 (14) God:    Nemelex Xobeh [******]
Gold:   3982       SH:  0    Dex: 11      Spells: 25/25 levels left

rFire   + . .        L - +7 great mace "Qujoikk" {vamp, rPois rC+ SInv}
rCold   . . .        (shield currently unavailable)
rNeg    + + .        c - +13 crystal plate armour of the Cobbler {Rampage +Inv rElec rF-}
rPois   +            o - +2 hat {Int+3}
rElec   +            a - +1 cloak
rCorr   .            y - +3 Mad Mage's Maulers {Infuse+∞ VampMP -Cast}
SInv    +            Z - +0 barding {rF+}
Will    ++...        j - amulet of Doanacump {rC- rN++ Regen+ Str+5} Stlth
                     u - ring of willpower
HPRegen 1.40/turn    f - ring "Wabbuc" {rElec rPois rF+ rC+ EV+5}
MPRegen 0.26/turn

%: no spellcasting, roll, infuse magic (38 MP)
@: studying Armour
A: large, rugged brown scales 3, deformed body, armoured tail, roll, long
tongue, awkward tongue, iridescent scales 1, clumsy 1, frail 1, cold
vulnerability 1
0: Orb of Zot
}: 3/15 runes: serpentine, barnacled, silver
a: Renounce Religion, Evoke Invisibility, Draw Escape, Draw Destruction, Draw
Summoning, Draw Stack, Triple Draw, Deal Four, Stack Five


You escaped.
You worshipped Nemelex Xobeh.
Nemelex Xobeh was exalted by your worship.
You visited 10 branches of the dungeon, and saw 50 of its levels.
You visited the Abyss 1 time.
You also visited: Ice Cave.

You collected 10473 gold pieces.
You spent 6491 gold pieces at shops.

Inventory:

Hand Weapons
 I - a +9 heavy eveningstar
 L - the +7 great mace "Qujoikk" (weapon) {vamp, rPois rC+ SInv}
   (You bought it in a shop on level 8 of the Dungeon)

   rC+:       It protects you from cold.
   rPois:     It protects you from poison SInv: It lets you see invisible.
Missiles
 l - 4 curare-tipped darts
 w - 19 silver javelins
 x - 17 javelins
Armour
 a - a +1 cloak (worn)
 c - the +13 crystal plate armour of the Cobbler (worn) {Rampage +Inv rElec rF-}
   (You acquired it on level 4 of the Depths)

   rF-:       It makes you vulnerable to fire.
   rElec:     It insulates you from electricity.
   +Inv:      It lets you turn invisible.
   Rampage:   It bestows one free step when moving towards enemies.
 o - a +2 hat of intelligence (worn)
 y - the +3 Mad Mage's Maulers (worn) {Infuse+∞ VampMP -Cast}
   (You found it on level 4 of the Shoals)

   Infuse+∞: It empowers its wearer's blows with all of their magic.
   VampMP:    Blows struck in melee replenish the wearer's magic.
   -Cast:     It prevents spellcasting.
 Z - a +0 barding of fire resistance (worn)
Jewellery
 f - the ring "Wabbuc" (right hand) {rElec rPois rF+ rC+ EV+5}
   (You took it off a vampire on level 3 of the Crypt)

   [ring of evasion]

   EV+5:      It affects your evasion (+5).
   rF+:       It protects you from fire.
   rC+:       It protects you from cold.
   rElec:     It insulates you from electricity.
   rPois:     It protects you from poison
 j - the amulet of Doanacump (around neck) {rC- rN++ Regen+ Str+5}
   (You found it on level 3 of the Crypt)

   [amulet of regeneration]

   Str+5:     It affects your strength (+5).
   rC-:       It makes you vulnerable to cold.
   rN++:      It greatly protects you from negative energy.
   Regen+:    It increases your rate of health regeneration.
 p - the ring "Zudun" {Ice Will+ Str+3 Dex+5}
   (You took it off Josephina on level 3 of the Depths)

   [ring of ice]

   Ice:       It enhances your ice magic.
   Str+3:     It affects your strength (+3).
   Dex+5:     It affects your dexterity (+5).
   rF-:       It makes you vulnerable to fire.
   rC+:       It protects you from cold.
   Will+:     It increases your willpower.
 q - the ring "Jips" {rPois rN+ rCorr Str-5 Dex+4}
   (You found it on level 3 of the Crypt)

   [ring of positive energy]

   Str-5:     It affects your strength (-5).
   Dex+4:     It affects your dexterity (+4).
   rPois:     It protects you from poison rN+: It protects you from negative
   energy.
   rCorr:     It protects you from acid and corrosion.
 u - a ring of willpower (left hand)
Wands
 d - a wand of digging (34)
 e - a wand of charming (35)
 h - a wand of light (49)
 i - a wand of roots (53)
Scrolls
 k - 7 scrolls of enchant armour
 t - 3 scrolls of enchant weapon
 D - 9 scrolls of blinking
 E - 7 scrolls of fear
 F - 5 scrolls of fog
 K - 10 scrolls of immolation
 O - 3 scrolls of silence
 P - 11 scrolls of poison
 S - 5 scrolls of summoning
 V - 4 scrolls of vulnerability
 W - 4 scrolls of brand weapon
 Y - 26 scrolls of teleportation {@r3}
Potions
 n - 6 potions of enlightenment
 A - 11 potions of attraction
 B - 8 potions of brilliance
 C - 3 potions of cancellation
 G - 16 potions of ambrosia
 H - 2 potions of haste
 J - 18 potions of curing {@q1}
 M - 5 potions of might
 N - 5 potions of heal wounds {@q2}
 Q - 3 potions of magic
 R - 8 potions of resistance
 T - 10 potions of berserk rage
 U - 12 potions of mutation
Miscellaneous
 g - a condenser vane
 m - a phantom mirror
 r - a phial of floods
 v - a lightning rod (4/4)
 z - a box of beasts


   Skills:
 + Level 23.1 Fighting
 - Level 24.8 Maces & Flails
 O Level 27 Armour
 - Level 7.3 Dodging
 - Level 3.2 Shields
 - Level 23.0 Invocations
 - Level 7.0 Evocations


You had 25 spell levels left.
You didn't know any spells.
Your spell library contained the following spells:

 Spells                   Type           Power      Damage    Failure   Level
 Apportation              Tloc           0%         N/A       83%         1
 Foxfire                  Conj/Fire      0%         2x1d4     83%         1
 Freeze                   Ice            0%         1d3       83%         1
 Kiss of Death            Conj/Necr      0%         2d5       83%         1
 Shock                    Conj/Air       0%         1d3       83%         1
 Summon Small Mammal      Summ           0%         N/A       83%         1
 Blink                    Tloc           0%         N/A       92%         2
 Call Imp                 Summ           0%         N/A       92%         2
 Cigotuvi's Dreadful Rot  Necr/Pois/Air  0%         N/A       92%         2
 Ensorcelled Hibernation  Hex/Ice        0%         N/A       92%         2
 Jinxbite                 Hex            0%         N/A       92%         2
 Lesser Beckoning         Tloc           0%         N/A       92%         2
 Passwall                 Tmut/Erth      0%         N/A       92%         2
 Scorch                   Fire           0%         2d5       92%         2
 Sublimation of Blood     Necr           0%         N/A       92%         2
 Wereblood                Tmut           0%         N/A       92%         2
 Call Canine Familiar     Summ           0%         N/A       99%         3
 Confusing Touch          Hex            0%         N/A       99%         3
 Dazzling Flash           Conj/Hex       0%         N/A       99%         3
 Frozen Ramparts          Ice            0%         1d1       99%         3
 Gell's Gravitas          Tloc           0%         N/A       99%         3
 Hailstorm                Conj/Ice       0%         3d3       99%         3
 Ignite Poison            Fire/Tmut/Pois 0%         N/A       99%         3
 Inner Flame              Hex/Fire       0%         N/A       99%         3
 Ozocubu's Armour         Ice            0%         N/A       99%         3
 Summon Guardian Golem    Hex/Summ       0%         N/A       99%         3
 Swiftness                Air            0%         N/A       99%         3
 Teleport Other           Tloc           0%         N/A       99%         3
 Vampiric Draining        Necr           0%         2d6       99%         3
 Volatile Blastmotes      Fire/Tloc      0%         2d10      99%         3
 Airstrike                Air            0%         2d(0-16)  100%        4
 Anguish                  Hex/Necr       0%         N/A       100%        4
 Animate Dead             Necr           0%         N/A       100%        4
 Dispel Undead            Necr           0%         3d6       100%        4
 Flame Wave               Conj/Fire      0%         2d4       100%        4
 Olgreb's Toxic Radiance  Pois           0%         N/A       100%        4
 Passage of Golubria      Tloc           0%         N/A       100%        4
 Petrify                  Tmut/Erth      0%         N/A       100%        4
 Summon Ice Beast         Ice/Summ       0%         N/A       100%        4
 Vhi's Electric Charge    Tloc/Air       0%         N/A       100%        4
 Agony                    Necr           0%         N/A       100%        5
 Alistair's Intoxication  Tmut/Pois      0%         N/A       100%        5
 Arcjolt                  Conj/Air       0%         1d10      100%        5
 Borgnjor's Vile Clutch   Necr/Erth      0%         N/A       100%        5
 Irradiate                Conj/Tmut      0%         3d11      100%        5
 Iskenderun's Battlesphe  Conj           0%         2d6       100%        5
 Metabolic Englaciation   Hex/Ice        0%         N/A       100%        5
 Silence                  Hex/Air        0%         N/A       100%        5
 Summon Forest            Summ/Tloc      0%         N/A       100%        5
 Summon Mana Viper        Hex/Summ       0%         N/A       100%        5
 Yara's Violent Unravell  Hex/Tmut       0%         3d3       100%        5
 Bombard                  Conj/Erth      0%         9d1       100%        6
 Death Channel            Necr           0%         N/A       100%        6
 Dispersal                Tloc           0%         N/A       100%        6
 Eringya's Noxious Bog    Tmut/Pois      0%         4d6       100%        6
 Plasma Beam              Fire/Air       0%         2x1d10    100%        6
 Simulacrum               Ice/Necr       0%         N/A       100%        6
 Starburst                Conj/Fire      0%         6d3       100%        6
 Summon Cactus Giant      Summ           0%         N/A       100%        6
 Enfeeble                 Hex            0%         N/A       100%        7
 Monstrous Menagerie      Summ           0%         N/A       100%        7
 Ozocubu's Refrigeration  Ice            0%         4d7       100%        7
 Spellforged Servitor     Conj/Summ      0%         N/A       100%        7
 Summon Hydra             Summ           0%         N/A       100%        7
 Discord                  Hex            0%         N/A       100%        8
 Ignition                 Fire           0%         3d3       100%        8
 Infestation              Necr           0%         N/A       100%        8
 Lehudib's Crystal Spear  Conj/Erth      0%         10d2      100%        8
 Maxwell's Capacitive Co  Air            0%         ∞         100%        8
 Summon Horrible Things   Summ           0%         N/A       100%        8
 Death's Door             Necr           0%         N/A       100%        9
 Fire Storm               Conj/Fire      0%         5d1       100%        9
 Polar Vortex             Ice            0%         N/A       100%        9


Dungeon Overview and Level Annotations

Branches:
Dungeon (15/15)            Temple (0/1) D:4            Lair (5/5) D:11
 Shoals (4/4) Lair:3        Snake (4/4) Lair:2        Slime (0/5) Lair:4
    Orc (2/2) D:9             Elf (3/3) Orc:2        Vaults (5/5) D:13
  Crypt (3/3) Vaults:3       Tomb (0/3) Crypt:3      Depths (4/4) D:15
    Zot (5/5) Depths:4      IceCv (visited)

Altars:
Cheibriados
Fedhas
Hepliaklqana
Kikubaaqudgha
Nemelex Xobeh
Okawaru
Ru
Trog
Uskayaw
Vehumet
Xom
Yredelemnul
Zin
The Shining One
Lugonu

Shops:
D:3 (   D:6 !   D:8 ![**   D:11 !   Orc:2 ([*:   Elf:1 (   Elf:2 *   Elf:3 [
Shoals:3 =   Shoals:4 [([:   Snake:1 (   Snake:2 :   Vaults:1 [   Vaults:2 [
Vaults:4 (   Depths:3 *[!

Portals:
Hell: Depths:1 Depths:2 Depths:3 Depths:4
Abyss: Shoals:2 Depths:1 Depths:2 Depths:3
Pandemonium: Depths:2 Depths:4
Ziggurat: Depths:4

Annotations:
D:3 1 exclusion
Depths:3 3 runed translucent doors
Depths:4 exclusions: shining eye and 1 more exclusion


Innate Abilities, Weirdness & Mutations

You are completely covered in rugged brown scales. (AC +3, +7% HP)
Armour fits poorly on your strangely shaped body.
You have a long armoured tail.
You roll when moving toward enemies. (Rampage)
Your long tongue fully drains potion bottles. (2x potion effects)
Your tongue gives you trouble enunciating. (1.5x scroll delay)
You are partially covered in iridescent scales. (AC +2)
You are clumsy. (Dex -2)
You are frail. (-10% HP)
You are vulnerable to cold. (rC-)


Message History

There is a stone staircase leading down here.
There is a stone staircase leading up here.
You climb upwards.
There is a stone staircase leading down here. a +0 ring mail; a +0 dagger 2 stones; a +0 dagger a +0 robe; a +0 short sword
There is a stone staircase leading up here.
You climb upwards.
There is a stone staircase leading down here.
You see here a +0 flail.
A Duosheoz and a cacodemon come into view.
There is a stone staircase leading up here.
Blink to where?
Press: ? - help, Dir - move target
Okay, then.
Unknown command.
Unknown command.
The cacodemon shouts!
You climb upwards.
There is a stone staircase leading down here.
What level of the Dungeon? (default 1, ? - help) Magic restored.
There is a stone staircase leading up here.
You climb upwards.
There is a stone staircase leading down here.
There is a stone staircase leading up here.
There is a stone staircase leading up here.
You climb upwards.
Level annotation: 1 exclusion
There is a stone staircase leading down here.
There is a stone staircase leading up here.
You climb upwards.
There is a stone staircase leading down here. a +0 sling; 4 stones; a +0 whip
There is a stone staircase leading up here.
You climb upwards.
There is a stone staircase leading down here.
There is a staircase leading out of the dungeon here.
You have escaped!

......#.....###.###.##.........#.
....>.#......##.#∩#.######.....#.
......##......##.#####...#....###
......##....####.###..##......#.#
......##....#.##~~..####.####.#.#
......###..###..~~##.# #.# ##.#.#
......###.##..###.#### #.###.....
......'.....#####.### #......#..
......##########@#.#####.###.##.#
#####.# ########.#####.# #..#.#
#.######.....##.#.##.# #..#.. ##
#.....##..##.##.#.##.###..#.# .#
#............................
.####......#.....................
.##.........................#.###
...........#................#.#
#.............#.#.....###.....#


There were no monsters in sight!

Vanquished Creatures
  4 dread liches
  2 ancient liches (Vaults:5)
  4 orbs of fire
  Mennas (Vaults:2)
  A juggernaut (Depths:1)
  Josephina (Depths:3)
  10 Killer Klowns
  Boris (thrice) (Vaults:2 Depths:3 Crypt:2)
  Bai Suzhen (Crypt:1)
  4 curse toes
  5 golden dragons
  A profane servitor (Crypt:3)
  Nikola (Shoals:1)
  Norris (Vaults:1)
  3 bone dragons
  3 electric golems
  10 tentacled monstrosities
  An Ice Fiend (Zot:5)
  5 liches
  14 Orb Guardians
  An acid blob (Depths:4)
  5 titans
  5 quicksilver dragons
  2 deep elf master archers
  2 sphinxes (Vaults:3)
  An Executioner (Zot:4)
  A tentacled starspawn (Elf:3)
  8 death cobs
  7 ancient champions
  A storm dragon (shapeshifter) (Depths:2)
  Kirke (Shoals:3)
  20 storm dragons
  5 tengu reavers
  3 revenants
  Ilsuiw (Shoals:2)
  8 nagarajas
  4 draconian monks
  An emperor scorpion (Zot:4)
  An azure jelly (Zot:4)
  A fenstrider witch (Zot:4)
  4 iron dragons
  8 deep elf sorcerers
  15 shadow dragons
  A ghost moth (Zot:4)
  6 frost giants
  23 vault wardens
  A draconian scorcher (Zot:4)
  5 draconian knights
  6 draconian shifters
  18 fire giants
  A cacodemon (Depths:4)
  12 ghouls
  3 deep elf elementalists
  4 orc warlords
  6 draconian stormcallers
  5 draconian annihilators
  16 ironbound preservers
  Louise (Depths:3)
  2 curse skulls (Crypt:1)
  16 stone giants
  22 very ugly things
  6 formless jellyfish
  4 angels (Zot:3)
  A caustic shrike skeleton (Crypt:2)
  A war gargoyle (Depths:2)
  2 reapers
  A quicksilver ooze (Zot:4)
  3 quicksilver oozes (shapeshifter)
  7 vampire knights
  A juggernaut skeleton (Crypt:3)
  6 green draconians
  3 ironbound thunderhulks
  7 deep elf demonologists
  An eleionoma (Depths:1)
  A lorocyproca (Depths:2)
  10 black draconians
  6 purple draconians
  14 red draconians
  12 deep elf annihilators
  A bunyip (Lair:5)
  9 yellow draconians
  A bunyip (shapeshifter) (Vaults:5)
  8 spark wasps
  A minotaur (Elf:3)
  10 white draconians
  A crystal guardian (Depths:2)
  4 eidola
  A blizzard demon (Abyss:3)
  The ghost of Poirhunoest the Peltast, a journeyman HuSu of Sif Muna (Lair:2)
  Snorg (Orc:2)
  19 ettins
  7 merfolk impalers
  7 deep elf death magi
  2 entropy weavers
  3 fire dragons
  A merfolk javelineer (Shoals:4)
  4 ice dragons
  11 jiangshi
  13 deep elf high priests
  A rakshasa (Depths:1)
  A spriggan zombie (Crypt:2)
  10 great orbs of eyes
  7 yaktaur captains
  A hell beast (Depths:1)
  3 salamander tyrants
  2 peacekeepers
  34 vault guards
  A catoblepas (D:11)
  A caustic shrike simulacrum (Depths:3)
  6 merfolk aquamancers
  4 spriggan air magi
  5 hydras
  2 ice dragons (shapeshifter)
  A merfolk avatar (Shoals:1)
  3 ogre magi
  4 alligator snapping turtles
  A spriggan skeleton (Crypt:2)
  A catoblepas (shapeshifter) (Zot:3)
  12 ironbound frosthearts
  6 centaur warriors
  11 two-headed ogres
  15 anacondas
  A juggernaut simulacrum (Depths:2)
  15 naga warriors
  44 dancing weapons
  A fenstrider witch skeleton (Crypt:1)
  4 boulder beetles
  2 satyrs
  5 death yaks
  A tengu warrior (D:14)
  4 deep troll earth magi (Depths:2)
  2 occultists
  A thrashing horror (Abyss:3)
  A hell hog (Depths:1)
  12 naga sharpshooters
  11 vampire magi
  4 orc high priests
  A sun demon (Depths:4)
  Urug (Lair:4)
  A spriggan berserker (Depths:4)
  Sonja (Lair:4)
  7 hell knights
  3 soul eaters
  7 shock serpents
  14 deep elf knights
  A shadow wraith (Vaults:5)
  A spectral spark wasp (Depths:1)
  3 iron trolls
  9 skysharks
  A sea snake (shapeshifter) (Vaults:5)
  2 salamander mystics (Snake:4)
  18 skeletal warriors
  2 ghost moth zombies (Crypt:1)
  A wretched star (Abyss:3)
  5 large abominations
  An iron giant zombie (Crypt:3)
  An anaconda zombie (Crypt:3)
  6 flayed ghosts
  21 deep trolls
  3 bog bodies
  2 glowing orange brains
  25 sea snakes
  A spriggan simulacrum (Crypt:3)
  8 phantasmal warriors
  23 deep elf zephyrmancers
  6 arcanists
  11 deep elf archers
  9 orc knights
  4 naga ritualists
  12 ironbound convokers
  An obsidian statue (Zot:1)
  An orange crystal statue (Zot:1)
  2 necromancers
  17 harpies
  12 lindwurms
  A wolf spider (Lair:3)
  6 oklob plants
  5 orc sorcerers
  30 deep elf pyromancers
  39 ugly things
  6 cyclopes
  8 mana vipers
  A will-o-the-wisp (Abyss:3)
  13 vault sentinels
  A moth of wrath (shapeshifter) (Depths:2)
  19 salamanders
  11 manticores
  16 fauns
  17 elephants
  21 moths of wrath
  11 water nymphs
  2 centaur zombies
  6 guardian serpents
  A naga zombie (Crypt:2)
  24 black mambas
  10 merfolk sirens
  A fire giant skeleton (Crypt:2)
  19 naga magi
  An eye of devastation (Snake:3)
  A torpor snail (Lair:3)
  An eye of devastation (shapeshifter) (Vaults:5)
  4 gargoyles
  2 orange demons
  2 unseen horrors
  2 molten gargoyles (Lair:5)
  6 cane toads
  A yellow draconian zombie (Crypt:2)
  4 efreet
  A hellion (Depths:4)
  2 rime drakes
  7 freezing wraiths
  29 yaktaurs
  12 komodo dragons
  A bunyip simulacrum (Crypt:3)
  3 tengu conjurers (Depths:2)
  2 elves (Depths:3)
  A spark wasp simulacrum (Depths:3)
  A tormentor (D:14)
  3 kobold demonologists (D:12)
  A guardian mummy (Crypt:3)
  A rime drake (shapeshifter) (Elf:2)
  A great orb of eyes zombie (Crypt:3)
  A golden dragon simulacrum (Depths:3)
  6 trolls
  2 queen bees
  6 meliai (D:14)
  An ancient zyme (Abyss:3)
  4 polar bears
  19 merfolk
  A tarantella (Snake:3)
  5 wind drakes
  A blink frog (D:14)
  A culicivora zombie (Crypt:2)
  A dream sheep (shapeshifter) (Vaults:5)
  3 hornets
  6 snapping turtles
  2 hornets (shapeshifter)
  A glass eye (shapeshifter) (Snake:3)
  A glass eye (Depths:3)
  6 dream sheep (Lair:1)
  A culicivora (shapeshifter) (Depths:2)
  A jumping spider (shapeshifter) (Zot:3)
  31 slime creatures
  3 air elementals
  A flying skull (Abyss:3)
  A culicivora (Snake:3)
  3 spriggans
  2 shadows
  3 vampires (Crypt:3)
  18 water elementals
  6 wraiths
  2 humans
  53 yaks
  7 hogs
  6 wyverns
  3 basilisks
  6 fire elementals
  3 chaos spawn (Zot:3)
  3 steam dragons
  A redback (Vaults:4)
  6 vampire mosquitoes (D:12)
  A swamp worm (shapeshifter) (Vaults:5)
  3 wargs
  34 nagas
  A hell hound (Lair:5)
  2 small abominations (Abyss:3)
  6 acid dragons
  A deep troll skeleton (Crypt:3)
  A swamp drake (Snake:3)
  14 water moccasins
  28 orc warriors
  2 sky beasts
  A black bear (IceCv)
  7 boggarts
  17 ogres
  15 wolves
  8 centaurs
  A blink frog skeleton (Crypt:3)
  A rime drake zombie (Crypt:3)
  2 kobold brigands
  A phantom (D:6)
  10 bullfrogs
  2 gnoll sergeants
  3 scorpions
  A glowing shapeshifter simulacrum (Depths:3)
  3 earth elementals
  2 necrophages
  A human simulacrum (Depths:3)
  2 water moccasin zombies
  17 wights
  A polar bear zombie (Crypt:1)
  2 spectral wolves (Depths:3)
  A warg skeleton (Crypt:3)
  38 killer bees
  A shapeshifter skeleton (Crypt:3)
  5 howler monkeys
  6 electric eels
  5 lava snakes (Lair:5)
  A human zombie (Crypt:2)
  A gnoll bouda (D:4)
  4 hounds
  2 jellies
  24 orc priests
  Crazy Yiuf (D:7)
  An iron imp (Abyss:3)
  A sleepcap (D:6)
  A human skeleton (Crypt:3)
  10 orc wizards
  6 iguanas
  A basilisk skeleton (Crypt:2)
  A hell rat (Lair:5)
  4 lightning spires (Zot:1)
  12 mummies (Crypt:3)
  A hound skeleton (Crypt:2)
  7 adders
  13 gnolls
  A howler monkey skeleton (Crypt:3)
  2 shadow imps
  2 white imps
  2 ufetubi (D:6)
  An adder skeleton (Crypt:2)
  3 worms
  3 dart slugs
  65 orcs
  5 ball pythons
  5 endoplasms
  4 giant cockroaches
  4 goblins
  8 hobgoblins
  10 jackals
  22 kobolds
  4 quokkas
  7 bats
  A dart slug zombie (Crypt:2)
  5 frilled lizards
  A goblin skeleton (Crypt:1)
  A goblin zombie (Crypt:2)
  A hobgoblin skeleton (Crypt:1)
  9 rats
  A rat skeleton (Crypt:2)
  A river rat skeleton (Crypt:1)
  A fire vortex (Depths:2)
  A lurking horror (Shoals:2)
2094 creatures vanquished.

Vanquished Creatures (collateral kills)
  A quicksilver dragon (IceCv)
  A merfolk impaler (Shoals:4)
  A vault guard (Vaults:2)
  6 death yaks (IceCv)
  A skyshark (Lair:3)
  A sea snake (Shoals:4)
  2 fauns (Shoals:4)
  An ice statue (IceCv)
  A molten gargoyle (Lair:5)
  2 water nymphs
  A rime drake (IceCv)
  2 polar bears (IceCv)
  A merfolk (Shoals:3)
  A snapping turtle (Shoals:4)
  4 yaks (IceCv)
  Grum (D:11)
  A hell hound (Lair:5)
  7 wolves
  An earth elemental (Elf:3)
36 creatures vanquished.

Vanquished Creatures (others)
  A fire giant (D:15)
  An ironbound thunderhulk (Vaults:4)
  A vampire knight (Crypt:3)
  An occultist (Depths:3)
  A deep elf zephyrmancer (Elf:3)
  2 deep elf pyromancers (Elf:3)
  An unseen horror (IceCv)
  A polar bear (Lair:5)
  A basilisk (IceCv)
  An orc warrior (Elf:3)
  A wolf (Depths:3)
  An iguana (Crypt:1)
  An orc wizard (Crypt:1)
  5 orcs
  A quokka (Crypt:1)
  A kobold (Depths:3)
  A fire vortex (Depths:2)
  4 foxfires (Abyss:3)
  3 starspawn tentacles (Elf:3)
29 creatures vanquished.

Grand Total: 2159 creatures vanquished

Notes
Turn   | Place    | Note
-------+----------+-------------------------------------------
     0 | D:1      | Forgeling the Armataur Fighter began the quest for the Orb.
     0 | D:1      | Reached XP level 1. HP: 19/19 MP: 1/1
   203 | D:1      | Reached XP level 2. HP: 26/26 MP: 2/2
  1141 | D:2      | Reached XP level 3. HP: 32/32 MP: 3/3
  1715 | D:2      | Reached XP level 4. HP: 39/39 MP: 4/4
  2225 | D:3      | Found a faded altar of an unknown god.
  2233 | D:3      | Prayed at the altar of an unknown god.
  2233 | D:3      | Became a worshipper of Nemelex Xobeh the Trickster
  2233 | D:3      | Reached * piety under Nemelex Xobeh
  2266 | D:3      | Received a gift from Nemelex Xobeh
  2273 | D:3      | Found Myozik's Antique Weapon Boutique.
  2839 | D:3      | Reached XP level 5. HP: 41/44 MP: 5/5
  3007 | D:4      | Found a staircase to the Ecumenical Temple.
  3036 | D:4      | Reached skill level 5 in Maces & Flails
  3180 | D:4      | Noticed an ogre
  3186 | D:4      | Killed an ogre
  3188 | D:4      | Reached ** piety under Nemelex Xobeh
  3299 | D:4      | Reached XP level 6. HP: 53/53 MP: 6/6
  3479 | D:4      | Reached skill level 1 in Invocations
  4155 | D:5      | Entered Level 5 of the Dungeon
  4197 | D:5      | Reached XP level 7. HP: 59/59 MP: 7/9
  4661 | D:5      | Reached *** piety under Nemelex Xobeh
  5077 | D:5      | Received a gift from Nemelex Xobeh
  5603 | D:6      | Found Ujoipp's Distillery.
  5753 | D:6      | Reached XP level 8. HP: 15/66 MP: 11/11
  6030 | D:6      | Bought a potion of curing for 39 gold pieces
  6030 | D:6      | Bought a potion of berserk rage for 65 gold pieces
  6030 | D:6      | Bought a potion of attraction for 39 gold pieces
  6359 | D:7      | Reached skill level 5 in Invocations
  6624 | D:7      | Reached skill level 4 in Armour
  6786 | D:7      | Received a gift from Nemelex Xobeh
  7064 | D:7      | Found a runed translucent door.
  7065 | D:7      | Noticed Crazy Yiuf
  7225 | D:7      | Killed Crazy Yiuf
  7353 | D:8      | Found Ihiusos's Armour Shop.
  7353 | D:8      | Found Lionoobem's Assorted Antiques.
  7353 | D:8      | Found Ciocleotz's Assorted Antiques.
  7357 | D:8      | Bought a +0 cloak of poison resistance for 85 gold pieces
  7402 | D:8      | Reached **** piety under Nemelex Xobeh
  7403 | D:8      | Found Qikotiat's Distillery.
  7446 | D:8      | Received a gift from Nemelex Xobeh
  7484 | D:8      | Reached XP level 9. HP: 48/74 MP: 13/13
  7569 | D:8      | Bought a runed glass wand for 116 gold pieces
  7569 | D:8      | Bought a silver wand for 116 gold pieces
  7671 | D:8      | Found a glowing golden altar of the Shining One.
  8103 | D:8      | Reached skill level 5 in Armour
  8628 | D:9      | Received a gift from Nemelex Xobeh
  8697 | D:9      | Reached skill level 10 in Maces & Flails
  8761 | D:9      | Noticed a troll
  8869 | D:9      | Killed a troll
  9128 | D:9      | Reached skill level 6 in Armour
  9515 | D:9      | Reached XP level 10. HP: 68/85 MP: 15/15
  9519 | D:9      | Reached skill level 5 in Fighting
  9778 | D:9      | Found a staircase to the Orcish Mines.
  9786 | D:9      | Found a large runed translucent door.
  9804 | D:9      | Noticed Pikel
  9808 | D:9      | Found a large runed translucent door.
  9814 | D:9      | Pikel changed into Pikel the water moccasin
  9814 | D:9      | Noticed Pikel
  9829 | D:9      | Killed Pikel the water moccasin
  9848 | D:9      | Noticed a centaur warrior
  9855 | D:9      | Noticed a cyclops
 10118 | D:9      | You fall into a shaft and drop 3 floors!
 10154 | D:12     | Reached skill level 7 in Armour
 10338 | D:12     | Noticed a gargoyle
 10348 | D:12     | Killed a gargoyle
 10375 | D:12     | Noticed a brown ugly thing
 10385 | D:12     | HP: 1/88 [acid (8)]
 10386 | D:12     | Killed a brown ugly thing
 10438 | D:12     | Noticed a two-headed ogre
 10737 | D:12     | Found a frozen archway.
 10743 | D:12     | Noticed a two-headed ogre
 10746 | IceCv    | Entered an ice cave
 10895 | IceCv    | Reached XP level 11. HP: 60/95 MP: 16/16
 10899 | IceCv    | Reached skill level 8 in Armour
 10902 | IceCv    | Noticed a death yak
 10906 | IceCv    | Killed a death yak
 10912 | IceCv    | Noticed a death yak
 10915 | IceCv    | Killed a death yak
 10928 | IceCv    | Reached skill level 9 in Armour
 10934 | IceCv    | Noticed a death yak
 10944 | IceCv    | Killed a death yak
 10961 | IceCv    | Noticed a death yak
 10971 | IceCv    | Killed a death yak
 10976 | IceCv    | Received a gift from Nemelex Xobeh
 10978 | IceCv    | Noticed a death yak
 10980 | IceCv    | Noticed a death yak
 10985 | IceCv    | Noticed a death yak
 10990 | IceCv    | Killed a death yak
 10997 | IceCv    | Killed a death yak
 11029 | IceCv    | Killed a death yak
 11142 | IceCv    | Noticed a white ugly thing
 11145 | IceCv    | Killed a white ugly thing
 11146 | IceCv    | Reached skill level 10 in Invocations
 11282 | IceCv    | Noticed a frost giant
 11282 | IceCv    | Noticed a death yak
 11284 | IceCv    | a frost giant changed into a quicksilver dragon
 11284 | IceCv    | Noticed a quicksilver dragon
 11284 | IceCv    | a death yak changed into a storm dragon
 11284 | IceCv    | Noticed a storm dragon
 11291 | IceCv    | Killed a quicksilver dragon
 11292 | IceCv    | Reached XP level 12. HP: 64/102 MP: 11/20
 11304 | IceCv    | Killed a storm dragon
 11558 | D:12     | Killed a two-headed ogre
 11938 | D:12     | Found a blossoming altar of Fedhas.
 12228 | D:10     | Entered Level 10 of the Dungeon
 12262 | D:10     | Received a gift from Nemelex Xobeh
 12266 | D:10     | Found a large runed translucent door.
 12267 | D:10     | Found a large runed translucent door.
 12293 | D:10     | Found a sacrificial altar of Ru.
 13098 | D:10     | Found a hazy altar of Hepliaklqana.
 13157 | D:10     | Found a bloodstained altar of Trog.
 13329 | D:9      | Found an iron altar of Okawaru.
 13329 | D:9      | Found an iron altar of Okawaru.
 13335 | D:9      | Killed a centaur warrior
 13360 | D:9      | Identified the +5 war axe of Severance {elec, Will++ Str-5
                  | Dex+5}
 13734 | D:11     | Found a staircase to the Lair.
 13757 | D:11     | Noticed a two-headed ogre
 13765 | D:11     | Killed a two-headed ogre
 13917 | D:11     | Received a gift from Nemelex Xobeh
 13936 | D:11     | Noticed a catoblepas
 13958 | D:11     | Killed a catoblepas
 14220 | D:11     | Found Diym's Distillery.
 14303 | D:11     | Noticed Grum
 14323 | D:11     | Killed Grum
 14745 | D:8      | Bought a polished great mace for 195 gold pieces
 14745 | D:8      | Identified the +7 great mace "Qujoikk" {vamp, rPois rC+
                  | SInv} (You bought it in a shop on level 8 of the Dungeon)
 14844 | D:11     | Reached skill level 10 in Armour
 15662 | D:12     | Reached XP level 13. HP: 36/112 MP: 22/22
 15880 | D:12     | Received a gift from Nemelex Xobeh
 16112 | Lair:1   | Entered Level 1 of the Lair of Beasts
 16420 | Lair:1   | Reached ***** piety under Nemelex Xobeh
 16688 | Lair:1   | Received a gift from Nemelex Xobeh
 16810 | Lair:1   | Reached skill level 11 in Armour
 17353 | Lair:2   | Found a staircase to the Snake Pit.
 17470 | Lair:2   | Found a transporter.
 17475 | Lair:2   | Found a transporter.
 17568 | Lair:2   | Noticed Poirhunoest's ghost (journeyman HuSu)
 17582 | Lair:2   | Received a gift from Nemelex Xobeh
 17666 | Lair:2   | Identified the +7 long sword of Hepliaklqana's Hope
                  | {protect, rC++ MP+9 Int-5 Dex+2}
 18375 | Lair:3   | Noticed Gastronok
 18387 | Lair:3   | Gastronok changed into Gastronok the caustic shrike
 18387 | Lair:3   | Noticed Gastronok
 18389 | Lair:3   | Gastronok the caustic shrike changed into Gastronok the
                  | wolf spider
 18389 | Lair:3   | Noticed Gastronok
 18391 | Lair:3   | Killed Gastronok the wolf spider
 18434 | Lair:3   | Reached skill level 15 in Maces & Flails
 18611 | Lair:3   | Received a gift from Nemelex Xobeh
 18781 | Lair:3   | Found a sacrificial altar of Ru.
 18910 | Lair:3   | Received a gift from Nemelex Xobeh
 19299 | Lair:3   | Found a staircase to the Shoals.
 19386 | Lair:4   | Noticed Urug
 19389 | Lair:4   | Noticed Sonja
 19390 | Lair:4   | Killed Sonja
 19393 | Lair:4   | Killed Urug
 19395 | Lair:4   | Noticed Nessos
 19396 | Lair:4   | Nessos changed into Nessos the mana viper
 19396 | Lair:4   | Noticed Nessos
 19670 | Lair:4   | Found a snail-covered altar of Cheibriados.
 19854 | Lair:3   | Reached XP level 14. HP: 18/126 MP: 23/23
 20124 | Lair:3   | Killed Nessos the mana viper
 20169 | Lair:4   | Identified the +4 scale mail of the Comet {+Inv Str+3}
 20340 | Lair:4   | You fall into a shaft and drop 1 floor!
 20340 | Lair:5   | Entered Level 5 of the Lair of Beasts
 20370 | Lair:5   | Identified the +7 quarterstaff of Premature Burial {vamp,
                  | Fragile Str+2 Int+2 Stlth+}
 20469 | Lair:5   | Received a gift from Nemelex Xobeh
 20665 | Lair:4   | Found a staircase to the Slime Pits.
 21181 | Lair:5   | Identified the ring of Icuas {Ice rCorr Str+4}
 21445 | Lair:5   | Received a gift from Nemelex Xobeh
 21729 | Lair:5   | Found a large runed translucent door.
 21729 | Lair:5   | Found a large runed translucent door.
 21756 | Lair:5   | Identified the +8 chain mail of the Kangaroo {Regen+
                  | Stlth+}
 21904 | Lair:5   | Reached ****** piety under Nemelex Xobeh
 22395 | Lair:2   | Killed Poirhunoest's ghost
 22564 | Orc:1    | Entered Level 1 of the Orcish Mines
 22661 | Orc:2    | Entered Level 2 of the Orcish Mines
 22661 | Orc:2    | Found a staircase to the Elven Halls.
 22665 | Orc:2    | Received a gift from Nemelex Xobeh
 22792 | Orc:2    | Reached skill level 1 in Evocations
 22812 | Orc:2    | Paralysed by an orc sorcerer for 3 turns
 22991 | Orc:2    | Reached XP level 15. HP: 100/132 MP: 25/25
 23079 | Orc:2    | Found an iron altar of Okawaru.
 23190 | Orc:1    | Received a gift from Nemelex Xobeh
 23924 | Orc:2    | Noticed Snorg
 24090 | Orc:2    | Found Fofyth's General Store.
 24090 | Orc:2    | Received a gift from Nemelex Xobeh
 24104 | Orc:2    | Found Otuikk's Antique Armour Shoppe.
 24115 | Orc:2    | Found Woriff's Antique Weapon Shoppe.
 24117 | Orc:2    | Found Juilujit's Book Emporium.
 24289 | Orc:2    | Killed Snorg
 24290 | Orc:2    | Reached skill level 15 in Invocations
 24346 | Orc:2    | Bought a scroll of identify for 26 gold pieces
 24455 | D:8      | Bought a scroll of identify for 34 gold pieces
 24502 | D:8      | Bought a scroll of identify for 58 gold pieces
 24547 | D:8      | Bought a scroll labelled JUT JUPACATZ for 17 gold pieces
 24702 | D:13     | Identified the +0 sling "Rimmasot" {drain, +Blink Dex+4}
 25137 | D:13     | Received a gift from Nemelex Xobeh
 25575 | D:13     | Found a gate to the Vaults.
 25704 | D:13     | Received a gift from Nemelex Xobeh
 25958 | D:14     | Found a blossoming altar of Fedhas.
 26081 | D:14     | Received a gift from Nemelex Xobeh
 26122 | D:14     | Noticed Lodul
 26124 | D:14     | Lodul changed into Lodul the blink frog
 26124 | D:14     | Noticed Lodul
 26124 | D:14     | Killed Lodul the blink frog
 26394 | D:14     | Received a gift from Nemelex Xobeh
 26800 | D:15     | Entered Level 15 of the Dungeon
 27112 | D:15     | Received a gift from Nemelex Xobeh
 27114 | D:15     | Found a staircase to the Depths.
 27115 | D:15     | Noticed a fire giant
 27135 | D:15     | Killed a fire giant
 27136 | D:15     | Reached XP level 16. HP: 92/141 MP: 28/28
 27771 | Snake:1  | Entered Level 1 of the Snake Pit
 27771 | Snake:1  | Received a gift from Nemelex Xobeh
 27959 | Snake:1  | Found Birphat's Antique Weapon Boutique.
 27986 | Snake:1  | You fall into a shaft and drop 1 floor!
 28320 | Snake:1  | Received a gift from Nemelex Xobeh
 28449 | Snake:2  | Identified a scroll of acquirement
 28571 | Snake:2  | Acquired 1134 gold pieces
 29026 | Snake:2  | Found Waklusa's Book Shoppe.
 29540 | Snake:2  | Received a gift from Nemelex Xobeh
 30095 | Snake:3  | Reached skill level 12 in Armour
 30173 | Snake:3  | Reached skill level 10 in Fighting
 30453 | Snake:3  | Found the +7 hand cannon "Mule" {flame, backblast, rF+}
 30516 | Snake:3  | Received a gift from Nemelex Xobeh
 30933 | Snake:4  | Entered Level 4 of the Snake Pit
 31011 | Snake:4  | Reached skill level 13 in Armour
 31331 | Snake:4  | Reached XP level 17. HP: 150/150 MP: 21/29
 31385 | Snake:4  | Received a gift from Nemelex Xobeh
 31448 | Snake:4  | Reached skill level 1 in Dodging
 31912 | Snake:4  | Reached skill level 14 in Armour
 32518 | Snake:4  | Got a serpentine rune of Zot
 32751 | Shoals:1 | Entered Level 1 of the Shoals
 32934 | Shoals:1 | Received a gift from Nemelex Xobeh
 33233 | Shoals:1 | Noticed Nikola
 33241 | Shoals:1 | Killed Nikola
 33403 | Shoals:1 | Received a gift from Nemelex Xobeh
 33589 | Shoals:2 | Noticed Ilsuiw
 33598 | Shoals:2 | Reached skill level 15 in Armour
 33604 | Shoals:2 | Found a corrupted altar of Lugonu.
 33620 | Shoals:2 | Killed Ilsuiw
 33665 | Shoals:2 | Found a one-way gate to the infinite horrors of the Abyss.
 34107 | Shoals:2 | Reached XP level 18. HP: 161/165 MP: 30/30
 34176 | Shoals:2 | Received a gift from Nemelex Xobeh
 34479 | Shoals:3 | Found Kaomet's One-of-a-Kind Rings.
 34585 | Shoals:3 | Received a gift from Nemelex Xobeh
 34630 | Shoals:3 | Noticed Kirke
 34636 | Shoals:3 | Killed Kirke
 34637 | Shoals:3 | Reached skill level 16 in Armour
 34808 | Shoals:3 | Identified the +4 acid dragon scales of Eraad {+Blink rF-
                  | rCorr Str-5 Int+7}
 34973 | Shoals:4 | Identified the of Xesos
 34973 | Shoals:4 | Entered Level 4 of the Shoals
 34986 | Shoals:4 | Found Becuceem's Book Shoppe.
 34992 | Shoals:4 | Identified the +5 ring mail of Duty {rC+ rN+ Str+3 Int-4}
 35105 | Shoals:4 | Identified the +0 quarterstaff "Ryhogus" {speed, rCorr
                  | Dex+3}
 35322 | Shoals:4 | Found Xyajog's Weapon Shoppe.
 35324 | Shoals:4 | Identified the +0 dagger of the Foot {spect, rElec rN+
                  | SInv}
 35327 | Shoals:4 | Got a barnacled rune of Zot
 35334 | Shoals:4 | Found Fotaux's Armour Shoppe.
 35345 | Shoals:4 | Reached skill level 5 in Evocations
 35497 | Shoals:4 | Found Gusosala's Antique Armour Emporium.
 35601 | Shoals:4 | Found the +3 Mad Mage's Maulers {Infuse+∞ VampMP -Cast}
 35606 | Shoals:4 | Received a gift from Nemelex Xobeh
 35737 | Shoals:4 | Bought a runed barding for 1092 gold pieces
 35977 | Shoals:4 | Bought the +9 plate armour "Goyneal" {Dex+4} for 1167 gold
                  | pieces
 36065 | Shoals:3 | Bought a +8 ring of evasion for 780 gold pieces
 36246 | Vaults:1 | Entered Level 1 of the Vaults
 36576 | Vaults:1 | Noticed Norris
 36597 | Vaults:1 | Killed Norris
 36730 | Vaults:1 | Identified the +1 leather armour of the Trees {Will+}
 36741 | Vaults:1 | Received a gift from Nemelex Xobeh
 36749 | Vaults:1 | Reached skill level 5 in Dodging
 37365 | Vaults:1 | Found Riohaa's Antique Armour Shop.
 37479 | Vaults:1 | Bought a glowing hat for 252 gold pieces
 38412 | Vaults:1 | Identified the +2 ring mail of Miracles {Int+4}
 38496 | Vaults:1 | Received a gift from Nemelex Xobeh
 38796 | Vaults:1 | Identified the +10 falchion of Disgust {flame, Str+2
                  | Stlth+}
 39115 | Vaults:2 | Reached XP level 19. HP: 156/174 MP: 1/32
 39269 | Vaults:2 | Noticed Boris
 39273 | Vaults:2 | Killed Boris
 39745 | Vaults:2 | Noticed Mennas
 39758 | Vaults:2 | Killed Mennas
 39936 | Vaults:2 | Received a gift from Nemelex Xobeh
 40038 | Vaults:2 | Found Reng's Armour Shoppe.
 40616 | Vaults:3 | Paralysed by a sphinx for 3 turns
 41284 | Vaults:3 | Received a gift from Nemelex Xobeh
 42403 | Vaults:3 | Received a gift from Nemelex Xobeh
 43493 | Vaults:3 | Found a staircase to the Crypt.
 43493 | Vaults:3 | Found an ancient bone altar of Kikubaaqudgha.
 43493 | Vaults:3 | Found a basalt altar of Yredelemnul.
 43873 | Vaults:3 | Received a gift from Nemelex Xobeh
 44089 | Vaults:4 | Found Jacunim's Weapon Shop.
 44567 | Vaults:4 | Received a gift from Nemelex Xobeh
 44590 | Vaults:4 | Identified the -1 long sword "Etsuon" {drain, MP+9 Str-2
                  | Int+2}
 44618 | Vaults:4 | Reached XP level 20. HP: 161/186 MP: 2/34
 44625 | Vaults:4 | Reached skill level 17 in Armour
 44785 | Vaults:4 | Identified the staff "Inigudiowne" {Fly rF++ rC+ Int+3 Ice}
 44936 | Vaults:4 | Identified the +4 mace of Peril {drain, rC- Int+5 SInv
                  | Stlth+}
 45614 | Vaults:4 | Received a gift from Nemelex Xobeh
 46479 | Vaults:5 | Identified the of Kiuban
 46479 | Vaults:5 | Identified the "Somoarr"
 46479 | Crypt:3  | Identified the "Rahoblyappo"
 46479 | Elf:1    | Entered Level 1 of the Elven Halls
 46482 | Elf:1    | Paralysed by an air elemental for 1 turns
 46646 | Elf:1    | Received a gift from Nemelex Xobeh
 46652 | Elf:1    | Reached skill level 18 in Armour
 46887 | Elf:1    | Found Zept's Antique Weapon Shop.
 47486 | Elf:1    | Received a gift from Nemelex Xobeh
 47496 | Elf:1    | Paralysed by an air elemental for 1 turns
 47504 | Elf:1    | Paralysed by an air elemental for 1 turns
 47906 | Elf:1    | Reached skill level 19 in Armour
 48346 | Elf:1    | Found a runed translucent gate.
 48346 | Elf:1    | Found a runed translucent gate.
 48346 | Elf:1    | Found a runed translucent gate.
 48346 | Elf:1    | Found a runed translucent gate.
 48346 | Elf:1    | Found a runed translucent gate.
 48348 | Elf:1    | Found a runed translucent gate.
 48661 | Elf:1    | Found a hide-covered altar of Uskayaw.
 50294 | Elf:2    | Received a gift from Nemelex Xobeh
 50298 | Elf:2    | Reached skill level 20 in Armour
 50785 | Elf:2    | Found a huge runed translucent gate.
 50785 | Elf:2    | Found a huge runed translucent gate.
 50785 | Elf:2    | Found a huge runed translucent gate.
 50785 | Elf:2    | Found a huge runed translucent gate.
 50785 | Elf:2    | Found a huge runed translucent gate.
 50950 | Elf:2    | Found Sacuil's Assorted Antiques.
 52044 | Elf:2    | Received a gift from Nemelex Xobeh
 53006 | Elf:3    | Identified the "Ryjieck"
 53006 | Elf:3    | Entered Level 3 of the Elven Halls
 53108 | Elf:3    | Paralysed by an air elemental for 1 turns
 53273 | Elf:3    | Received a gift from Nemelex Xobeh
 53708 | Elf:3    | Found Ciocleotz's Armour Emporium.
 54609 | Elf:3    | Received a gift from Nemelex Xobeh
 54897 | Abyss:3  | Cast into level 3 of the Abyss (a deep elf demonologist)
 54986 | Abyss:3  | Received a gift from Nemelex Xobeh
 55002 | Abyss:3  | Reached XP level 21. HP: 172/195 MP: 2/28
 55015 | Abyss:3  | Reached skill level 15 in Fighting
 55048 | Elf:3    | Escaped the Abyss
 55212 | Elf:3    | Identified the +1 robe "Atithreezamn" {Rampage *Slow rCorr
                  | Slay+6}
 55212 | Elf:3    | Identified the ring of Dishonour {Fire rPois rCorr}
 55478 | Elf:3    | Identified the +1 robe of Defiance {rC+}
 55665 | Elf:3    | Identified the +11 hand axe of Forgeling's Woe {elec,
                  | rPois}
 55914 | Elf:3    | Identified the +3 trident of the Blushing Enemy {flame,
                  | rPois}
 56035 | Elf:3    | Identified the +3 kite shield "Gaaluy" {Will+ Str-5 Slay+6
                  | Stlth+}
 56092 | Elf:3    | Identified the +0 scale mail of the Cockatrice {Str+3 Int-4
                  | SInv}
 56102 | Elf:3    | Identified the +6 rapier of the Pillar {heavy, Will++}
 56432 | Depths:1 | Entered Level 1 of the Depths
 57193 | Depths:1 | Noticed Sojobo
 57208 | Depths:1 | Sojobo changed into Sojobo the juggernaut
 57208 | Depths:1 | Noticed Sojobo
 57219 | Depths:1 | Killed Sojobo the juggernaut
 57851 | Depths:1 | Found a gateway to Hell.
 57851 | Depths:1 | Received a gift from Nemelex Xobeh
 58494 | Depths:1 | You fall into a shaft and drop 1 floor!
 58976 | Depths:2 | Found a one-way gate leading to the halls of Pandemonium.
 59660 | Depths:2 | Received a gift from Nemelex Xobeh
 59678 | Depths:2 | Noticed a dread lich
 59685 | Depths:2 | Killed a dread lich
 59736 | Depths:2 | Identified the +1 demon whip of Evil {vamp, Contam Fragile
                  | rPois Str+8}
 60142 | Depths:1 | Found a hide-covered altar of Uskayaw.
 60530 | Depths:2 | Reached XP level 22. HP: 169/212 MP: 0/36
 61147 | Depths:2 | Received a gift from Nemelex Xobeh
 61778 | Depths:3 | Noticed Louise
 61804 | Depths:3 | Killed Louise
 61971 | Depths:3 | Found a hazy altar of Hepliaklqana.
 62272 | Depths:3 | Found Muwauwnus's Miraculous Elixirs.
 62582 | Depths:3 | Identified the ring "Zudun" {Ice Will+ Str+3 Dex+5}
 62582 | Depths:3 | Noticed Josephina
 62597 | Depths:3 | Noticed Boris
 62611 | Depths:3 | Killed Boris
 62926 | Shoals:3 | Bought a +8 ring of slaying for 2000 gold pieces
 63281 | Depths:3 | Found a runed translucent gate.
 63281 | Depths:3 | Found a runed translucent gate.
 63281 | Depths:3 | Found a runed translucent gate.
 63344 | Depths:3 | Killed Josephina
 63699 | Depths:3 | Received a gift from Nemelex Xobeh
 63888 | Depths:3 | Found an ancient bone altar of Kikubaaqudgha.
 64367 | Depths:3 | Found The Legendary Beytac's Legendary Smithy.
 64384 | Depths:3 | Found Xariat's General Store.
 64868 | Depths:3 | Found a sacrificial altar of Ru.
 65589 | Depths:3 | Found a radiant altar of Vehumet.
 65727 | Depths:4 | Entered Level 4 of the Depths
 65743 | Depths:4 | Noticed a golden dragon
 66275 | Depths:4 | Found a radiant altar of Vehumet.
 66467 | Depths:4 | Received a gift from Nemelex Xobeh
 66512 | Depths:4 | Killed a golden dragon
 66679 | Depths:4 | Found a one-way gateway to a ziggurat.
 67469 | Depths:4 | Noticed a caustic shrike
 67470 | Depths:4 | Noticed a caustic shrike
 67470 | Depths:4 | Noticed a caustic shrike
 67471 | Depths:4 | Noticed a caustic shrike
 67480 | Depths:4 | a caustic shrike changed into a golden dragon
 67480 | Depths:4 | Noticed a golden dragon
 67480 | Depths:4 | a caustic shrike changed into an acid blob
 67480 | Depths:4 | a caustic shrike changed into an iron dragon
 67480 | Depths:4 | a caustic shrike changed into a shadow dragon
 67484 | Depths:4 | Killed a golden dragon
 68284 | Depths:4 | Found a gate to the Realm of Zot.
 68596 | Depths:4 | Acquired the +13 crystal plate armour of the Cobbler
                  | {Rampage +Inv rElec rF-}
 68910 | Shoals:3 | Bought the ring of Xom's Bemusement {rPois rC- rN++ rCorr
                  | Str+3} for 410 gold pieces
 69231 | Crypt:1  | Entered Level 1 of the Crypt
 69711 | Crypt:1  | Noticed Saint Roka
 69715 | Crypt:1  | Saint Roka changed into Saint Roka the shadow dragon
 69715 | Crypt:1  | Noticed Saint Roka
 69733 | Crypt:1  | Killed Saint Roka the shadow dragon
 69743 | Crypt:1  | Reached XP level 23. HP: 159/220 MP: 6/38
 69905 | Crypt:1  | Received a gift from Nemelex Xobeh
 70716 | Crypt:1  | Identified the ring of Yesterday {Fly rC+ rN+ Str-3 Dex+4}
 71221 | Crypt:1  | Noticed Bai Suzhen
 71228 | Crypt:1  | Killed Bai Suzhen
 71395 | Crypt:1  | Received a gift from Nemelex Xobeh
 73537 | Crypt:2  | Received a gift from Nemelex Xobeh
 73811 | Crypt:2  | Reached skill level 21 in Armour
 74738 | Crypt:3  | Entered Level 3 of the Crypt
 74742 | Crypt:3  | Noticed Boris
 74889 | Crypt:2  | Killed Boris
 75772 | Crypt:3  | Received a gift from Nemelex Xobeh
 77206 | Crypt:3  | Found a basalt altar of Yredelemnul.
 77249 | Crypt:3  | Paralysed by a vampire knight for 2 turns
 77594 | Crypt:3  | Reached skill level 22 in Armour
 78111 | Crypt:3  | Found a staircase to the Tomb.
 78412 | Crypt:3  | Identified the +6 long sword "Ohur" {freeze, Dex+3}
 78412 | Crypt:3  | Identified the ring "Wabbuc" {rElec rPois rF+ rC+ EV+5}
 78638 | Crypt:3  | Found an ancient bone altar of Kikubaaqudgha.
 78651 | Crypt:3  | Identified the ring of Lust {rPois rN+ Str+3}
 78651 | Crypt:3  | Identified the amulet of Doanacump {rC- rN++ Regen+ Str+5}
 78651 | Crypt:3  | Identified the ring "Jips" {rPois rN+ rCorr Str-5 Dex+4}
 79939 | Vaults:5 | Entered Level 5 of the Vaults
 79942 | Vaults:5 | Noticed a dread lich
 80025 | Vaults:5 | Noticed an ancient lich
 80035 | Vaults:5 | Killed an ancient lich
 80179 | Vaults:5 | Reached XP level 24. HP: 196/236 MP: 1/38
 80266 | Vaults:5 | Reached skill level 23 in Armour
 80355 | Vaults:5 | Noticed an ancient lich
 80372 | Vaults:5 | Killed an ancient lich
 80467 | Vaults:5 | Identified the +4 halberd of Domination {venom, Int+2}
 80529 | Vaults:5 | Noticed a dread lich
 80543 | Vaults:5 | Paralysed by a dread lich for 5 turns
 80550 | Vaults:5 | Killed a dread lich
 80551 | Vaults:5 | Killed a dread lich
 80567 | Vaults:5 | Reached skill level 24 in Armour
 80725 | Vaults:5 | Received a gift from Nemelex Xobeh
 80748 | Vaults:5 | Identified the +1 helmet of the Ant {Rampage rElec rC-
                  | Int+8}
 80766 | Vaults:5 | Received a gift from Nemelex Xobeh
 81127 | Vaults:5 | Identified the +7 hand axe of Embarrassment {heavy, *Noise
                  | rCorr Dex+4}
 81404 | Vaults:5 | Identified the +11 lajatang of Eternal Harmony {elec, rF+
                  | Will- rCorr Dex+3}
 81600 | Vaults:5 | Identified the beast talisman "Syef" {rN+ Str+4 Int-3
                  | Stlth+}
 81618 | Vaults:5 | Got a silver rune of Zot
 82507 | Zot:1    | Entered Level 1 of the Realm of Zot
 83922 | Zot:1    | Received a gift from Nemelex Xobeh
 84708 | Zot:1    | Identified the orb of Cheibriados's Grace {*channel, rC+
                  | Dex+2 Slay+6 Stlth-}
 85445 | Zot:2    | Reached skill level 25 in Armour
 86090 | Zot:2    | You fall into a shaft and drop 2 floors!
 86090 | Zot:4    | Identified the of Ucleod
 86090 | Zot:4    | Identified the "Coschicy"
 86091 | Zot:4    | Received a gift from Nemelex Xobeh
 86096 | Zot:4    | Noticed an orb of fire
 86100 | Zot:4    | Gained mutation: You are frail. (-10% HP) [an orb of fire]
 86102 | Zot:4    | Gained mutation: You are clumsy. (Dex -2) [an orb of fire]
 86104 | Zot:4    | Killed an orb of fire
 86374 | Zot:3    | Reached XP level 25. HP: 224/224 MP: 1/38
 87381 | Zot:4    | Reached skill level 26 in Armour
 88017 | Zot:4    | Received a gift from Nemelex Xobeh
 89204 | Zot:4    | Received a gift from Nemelex Xobeh
 89365 | Zot:3    | Noticed a Killer Klown
 89366 | Zot:3    | Noticed a Killer Klown
 89408 | Zot:3    | Killed a Killer Klown
 89409 | Zot:3    | Reached skill level 27 in Armour
 89791 | Zot:2    | Received a gift from Nemelex Xobeh
 91183 | Zot:3    | Received a gift from Nemelex Xobeh
 91469 | Zot:3    | Noticed a Killer Klown
 91495 | Zot:3    | Killed a Killer Klown
 91511 | Zot:3    | Killed a Killer Klown
 91515 | Zot:3    | Found a shimmering altar of Xom.
 91515 | Zot:3    | Found a glowing silver altar of Zin.
 92011 | Zot:5    | Entered Level 5 of the Realm of Zot
 93038 | Zot:5    | Noticed a Killer Klown
 93074 | Zot:5    | Killed a Killer Klown
 93075 | Zot:5    | Noticed an orb of fire
 93083 | Zot:5    | Noticed a Killer Klown
 93086 | Zot:5    | Killed an orb of fire
 93092 | Zot:5    | Killed a Killer Klown
 93096 | Zot:5    | Noticed an orb of fire
 93096 | Zot:5    | Gained mutation: You are partially covered in iridescent
                  | scales. (AC +2) [an orb of fire]
 93097 | Zot:5    | Noticed a Killer Klown
 93110 | Zot:5    | Killed an orb of fire
 93113 | Zot:5    | Noticed an orb of fire
 93124 | Zot:5    | Killed an orb of fire
 93138 | Zot:5    | Killed a Killer Klown
 93142 | Zot:5    | Noticed a Killer Klown
 93144 | Zot:5    | Noticed a dread lich
 93149 | Zot:5    | Killed a dread lich
 93153 | Zot:5    | Killed a Killer Klown
 93192 | Zot:5    | Noticed a Killer Klown
 93205 | Zot:5    | Killed a Killer Klown
 93384 | Zot:5    | Noticed a Killer Klown
 93388 | Zot:5    | Noticed a Killer Klown
 93389 | Zot:5    | Killed a Killer Klown
 93396 | Zot:5    | Killed a Killer Klown
 93397 | Zot:5    | Reached XP level 26. HP: 240/240 MP: 4/38
 94044 | Zot:5    | Received a gift from Nemelex Xobeh
 94227 | Zot:5    | Got the Orb of Zot
 94410 | Depths:4 | Noticed Quckifee the pandemonium lord
 94435 | Depths:4 | Gained mutation: You are vulnerable to cold. (rC-) [a
                  | cacodemon]
 94509 | Depths:2 | Noticed Begin the pandemonium lord
 94769 | D:6      | Noticed Duosheoz the pandemonium lord
 94887 | D:$      | Escaped with the Orb!

Illustrated notes

Levels and vault maps discovered:
D:1:      spicycebolla_green_bress_n_ham_2, layout_basic, serial_aquarium,
          aquarium_bridge_straight [aquarium_subvault_bridge,
          aquarium_subvault_window, aquarium_subvault_bridge,
          aquarium_subvault_balcony], aquarium_window_double,
          aquarium_window_corner, aquarium_window_3, aquarium_window_fake,
          aquarium_view_2e, aquarium_view_2c, aquarium_balcony_3b
D:2:      layout_basic
D:3:      layout_basic, hellmonk_ecumenical_altar_dog_temple, serial_shops,
          shop, minmay_misc_feat_cross, lemuel_flame_loot_1
D:4:      layout_gridville, temple_fountains
D:5:      layout_gridville
D:6:      layout_rooms, chequers_serial_rivers_micro_c,
          kennysheep_big_empty_room, kennysheep_windowed_goal
D:7:      layout_basic, hangedman_decor_clover_reticule, uniq_crazy_yiuf_cottage
D:8:      layout_basic, mainiacjoe_overflow_chevrons,
          nicolae_shop_distant_corner_stores, nicolae_take_the_stairs
D:9:      okawaru_arena_lexackson, layout_basic, amcnicky_mini_pool_medium,
          uniq_pikel
D:10:     layout_loops_ring, jmf_multi_god_temple2,
          mainiacjoe_overflow_small_starburst
D:11:     layout_irregular_city, lair_entry_dummy, serial_shops, shop, uniq_grum
D:12:     layout_roguey, portal_ice_cave_entry_pillars_2, fedhas_altar_3
D:13:     layout_layer_cave, hangedman_vaults_entry_quadrant_bands, minivault_22
D:14:     layout_long_grid, old_standard_altar, minmay_misc_feat_rows,
          uniq_lodul
D:15:     grunt_enter_depths_giant_problem, layout_grid_maze
Lair:1:   layout_cave_pods
Lair:2:   layout_chaotic_city, minmay_snake_entry_guardpost_large,
          gammafunk_ghost_hive, infiniplex_staircase_pool_2
Lair:3:   layout_regular_city, mainiacjoe_shoals_entry_four_pools, basic_altar,
          uniq_gastronok
Lair:4:   layout_cave_shapes, minmay_slime_entry_oklob_open, basic_altar,
          uniq_urug, uniq_nessos, uniq_sonja
Lair:5:   cheibrodos_lair_end_hotspot, layout_regular_city,
          gammafunk_lair_bear_cave
Shoals:1: layout_shoals, nicolae_shoals_water_shrine, uniq_nikola
Shoals:2: layout_shoals, amcnicky_altar_lugonu_corruption, uniq_ilsuiw
Shoals:3: layout_shoals, nicolae_shop_unique_rings, uniq_kirke
Shoals:4: shoals_end_grunt_garden, layout_shoals, serial_shops,
          nicolae_shop_advertising_works [nicolae_subvault_shop_adworks],
          nicolae_shop_trees, nicolae_shop_peninsula, shop_statue
Snake:1:  layout_onion_interference, nrook_guardian_serpent_double,
          minmay_shop_star
Snake:2:  layout_basic, serial_shops, nicolae_square_shop, serial_bayou,
          serial_bayou_ford_a, serial_bayou_pond_e, serial_bayou_crossing,
          serial_bayou_lake_a, serial_bayou_pond_c, serial_bayou_shore_a,
          drop_trap, serial_bayou_pond_d, nicolae_snake_snakes_in_the_grass
Snake:3:  layout_layer_cave
Snake:4:  grunt_snake_rune_serpentine_throne, layout_grid_shapes,
          guppyfry_library_mini
Orc:1:    layout_diamond_mine, special_room [special_room_bee]
Orc:2:    st_orc_congregation, layout_caves, okawaru_metal_pillars_3, uniq_snorg
Elf:1:    layout_loops_corners, serial_shops, shop, serial_glass,
          glass_columns_a, glass_columns_a, orc_legates,
          serial_sigils_hangedman_snap, nicolae_elf_altarnating
Elf:2:    elven_hall_of_blades_hangedman_alternative
          [nicolae_blade_entry_area_security], layout_onion_city, serial_shops,
          shop
Elf:3:    minmay_elf_hall_spiked, layout_loops_corners, serial_shops,
          nicolae_shop_tiny_statue_garden
Vaults:1: ontoclasm_vaults_chip, nicolae_vaults_offset_grid_hallway_2,
          nicolae_vaults_little_squares_6, hangedman_vaults_stream,
          nicolae_vaults_mini_display_case, nicolae_vaults_surprise_closet,
          ontoclasm_vaults_eye, nicolae_vaults_specimen_jars,
          layout_vaults_omnigrid, serial_shops, shop, uniq_norris
Vaults:2: ontoclasm_vaults_tryst, st_diamondy, v_misc_16, v_misc_19,
          nicolae_vaults_three_branches,
          nicolae_vaults_taking_the_gang_shopping, grunt_vaults_focal,
          nicolae_vaults_tetromino_L_1, vaults_mumra_minichess_inversion,
          layout_vaults_omnicross, uniq_boris, uniq_mennas
Vaults:3: vaults_standard_mumra_enter_the_diamond, hangedman_vaults_nodes,
          nicolae_vaults_stairing_the_circle, nicolae_vaults_weapon_check,
          nicolae_vaults_security_offices_5, vaults_mumra_hex,
          minmay_crypt_entry_necro_gods, vaults_mumra_chevron,
          nicolae_vaults_closet_pinwheel_5, vaults_room_large_hall,
          ontoclasm_vaults_hangar, nicolae_vaults_little_squares_4,
          ontoclasm_vaults_ligature, hangedman_vaults_stretched_pinwheel,
          layout_vaults_omnibox
Vaults:4: vaults_room_pools, nicolae_vaults_double_plus_3,
          nicolae_vaults_storing_the_good_stuff, grunt_vaults_trifunnel,
          ontoclasm_vaults_pinch, vaults_room_octagon, nicolae_vaults_house_3,
          hangedman_vaults_stitches, nicolae_vaults_closet_pinwheel_3,
          nicolae_vaults_two_Ls, nicolae_vaults_tetromino_T_1,
          layout_vaults_ring, serial_shops, shop
Vaults:5
Crypt:1:  layout_basic, minmay_strange_pillars, nicolae_danse_macabre,
          uniq_saint_roka, uniq_bai_suzhen
Crypt:2:  layout_regular_city, nicolae_letterblocks [nicolae_letter_subblock,
          nicolae_letter_subblock, nicolae_letter_subblock,
          nicolae_letter_subblock, nicolae_letter_subblock,
          nicolae_letter_subblock, nicolae_letter_subblock,
          nicolae_letter_subblock, nicolae_letter_subblock,
          nicolae_letter_subblock, nicolae_letter_subblock,
          nicolae_letter_subblock, nicolae_letter_subblock,
          nicolae_letter_subblock, nicolae_letter_subblock,
          nicolae_letter_subblock, nicolae_letter_subblock,
          nicolae_letter_subblock, nicolae_letter_subblock,
          nicolae_letter_subblock, nicolae_letter_subblock,
          nicolae_letter_subblock, nicolae_letter_subblock,
          nicolae_letter_subblock, nicolae_letter_subblock]
Crypt:3:  lightli_unholy_cathedral, layout_chaotic_city,
          nicolae_tomb_entry_unfolded_pyramid_diagonal
Depths:1: layout_forbidden_donut, abyss_entry_small_statue_room,
          grunt_mini_vestibule, minivault_1, minmay_variable_closet,
          small_chamber_with_monster, dancing_weapons_uskayaw,
          roderic_lattice_octagonal_star, uniq_sojobo
Depths:2: hangedman_crystal_crosses_colossus [crystal_crosses_arms_four,
          crystal_crosses_arms_two, crystal_crosses_arms_one,
          crystal_crosses_arms_one], abyss_entry, pan_entry, hell_entry
Depths:3: grated_community_mu [grated_community_mu_vampire_home,
          grated_community_mu_giant_home, grated_community_mu_spellcaster_home,
          grated_community_mu_orcish_home, grated_community_mu_troll_home,
          grated_community_mu_taur_home, grated_community_mu_unbuilt_plot],
          layout_gridville, nicolae_ru_path_of_blood,
          nicolae_abyss_entry_one_way_or_another, hell_entry, pandoras_box_mu,
          uniq_josephina
Depths:4: grunt_zot_entry_gee_three, layout_cave_pools, enter_ziggurat_d,
          hangedman_geh_valley, rand_demon_pan_entry_4, fiery_altar_vehumet,
          serial_sigils, serial_sigils_hangedman_confine,
          serial_sigils_hangedman_shear, serial_sigils_hangedman_quiver,
          serial_sigils_hangedman_shear
Zot:1:    evilmike_crystal_ball_defense, layout_gridlike
Zot:2:    layout_concentric_octagons, grunt_ministairs_11
Zot:3:    dreamdust_zin_vs_xom, layout_misc_corridors
Zot:4:    kennysheep_blocky_room, layout_gridlike, uniq_grunn
Zot:5:    layout_basic

Skill      XL: |  1  2  3  4  5  6  7  8  9 10 11 12 13 14 15 16 17 18 19 20 21 22 23 24 25 26 |
---------------+-------------------------------------------------------------------------------+-----
Maces & Flails | 2 3 4 5 6 7 9 10 12 13 14 16 17 18 20 22 23 24 | 24.8
Invocations    | 2 4 5 6 7 11 12 14 16 18 20 23 | 23.0
Fighting       | 3 4 6 7 9 10 12 13 14 17 19 20 22 23 | 23.1
Armour         | 4 6 7 9 10 11 13 15 16 20 22 25 27 | 27.0
Evocations     | 2 4 5 7 |  7.0
Dodging        | 3 7 |  7.3
Shields        | |  3.2

Action                     |  1- 3 |  4- 6 |  7- 9 | 10-12 | 13-15 | 16-18 | 19-21 | 22-24 | 25-27 || total
---------------------------+-------+-------+-------+-------+-------+-------+-------+-------+-------++-------
  Melee: Flail             |   123 |   185 |   102 |       |       |       |       |       |       ||   410
         Tailslap          |    13 |    11 |    40 |    42 |   157 |   242 |   216 |   371 |   127 ||  1219
         Morningstar       |       |       |   232 |   323 |       |       |       |       |       ||   555
         Great mace        |       |       |       |    43 |  1073 |  1445 |  1114 |  1706 |   555 ||  5936
  Throw: Dart              |       |     2 |       |     1 |       |       |       |       |       ||     3
 Invoke: Draw Destruction  |       |     3 |     3 |    19 |    29 |    30 |    23 |    25 |    10 ||   142
         Draw Summoning    |       |       |       |     8 |     3 |     3 |     2 |     2 |     1 ||    19
         Deal Four         |       |       |       |     2 |     3 |     3 |     1 |     2 |       ||    11
         Draw Escape       |       |       |       |       |     1 |       |     1 |       |       ||     2
         Stack Five        |       |       |       |       |       |     1 |       |       |       ||     1
         Draw Stack        |       |       |       |       |       |       |       |     1 |       ||     1
  Evoke: Wand              |       |       |     4 |     4 |     1 |     1 |     2 |     1 |       ||    13
         Phantom mirror    |       |       |       |     1 |     1 |       |     1 |       |       ||     3
         Box of beasts     |       |       |       |       |       |     1 |       |       |       ||     1
         Condenser vane    |       |       |       |       |       |       |     1 |       |       ||     1
         Lightning rod     |       |       |       |       |       |       |       |     2 |       ||     2
    Use: Scroll            |       |     1 |     6 |     6 |    14 |     2 |       |    12 |     6 ||    47
         Potion            |       |       |       |     2 |     1 |     3 |     1 |     6 |     8 ||    21
   Stab: Distracted        |       |       |       |     2 |       |       |       |       |       ||     2
         Petrified         |       |       |       |       |       |     1 |       |     2 |       ||     3
         Petrifying        |       |       |       |       |       |       |       |     1 |       ||     1
 Armour: Scale mail        |    97 |   145 |   144 |       |   221 |       |       |       |       ||   607
         Chain mail        |       |       |   114 |   309 |   963 |  1290 |       |       |       ||  2676
         Acid dragon scale |       |       |       |       |     5 |       |       |       |       ||     5
         Plate armour      |       |       |       |       |       |   141 |   788 |   407 |       ||  1336
         Crystal plate arm |       |       |       |       |       |       |       |  1548 |   593 ||  2141
  Dodge: Dodged            |    42 |    64 |   106 |    85 |   240 |   354 |   429 |   549 |   197 ||  2066
  Block: Buckler           |    25 |    90 |   140 |   129 |       |       |       |       |       ||   384
         Reflection        |       |       |     6 |       |     3 |    30 |    18 |     3 |       ||    60
         Other             |       |       |       |     3 |   215 |   265 |   142 |   203 |       ||   828

Table legend: (Time is in decaauts)
 A = Elapsed time spent in this place.
 B = Non-inter-level travel time spent in this place.
 C = Inter-level travel time spent in this place.
 D = Time resting spent in this place.
 E = Time spent auto-exploring this place.
 F = Levels seen in this place.
 G = Mean time per level.
                   A        B        C        D        E       F      G
               +--------+--------+--------+--------+--------+-----+--------+
         Total |  93450 |  86654 |   6796 |   5391 |  67217 |  52 | 1797.1 |
       Dungeon |  20114 |  17747 |   2367 |   1835 |  12550 |  15 | 1340.9 |
          Lair |   6895 |   6023 |    872 |    386 |   4237 |   5 | 1379.0 |
        Shoals |   3324 |   2985 |    339 |     34 |   1884 |   4 |  831.0 |
     Snake Pit |   4736 |   4473 |    263 |     73 |   3109 |   4 | 1184.0 |
  Orcish Mines |   1843 |   1576 |    267 |     84 |    875 |   2 |  921.5 |
   Elven Halls |   9730 |   9251 |    479 |    444 |   7901 |   3 | 3243.3 |
        Vaults |  12700 |  11666 |   1034 |     10 |  10274 |   5 | 2540.0 |
         Crypt |   9856 |   9591 |    265 |    789 |   7965 |   3 | 3285.3 |
        Depths |  11687 |  11132 |    555 |    151 |   9723 |   4 | 2921.8 |
           Zot |  11618 |  11267 |    351 |   1372 |   8545 |   5 | 2323.6 |
         Abyss |    139 |    139 |      0 |      0 |      0 |   1 |  139.0 |
      Ice Cave |    802 |    802 |      0 |    212 |    154 |   1 |  802.0 |
               +--------+--------+--------+--------+--------+-----+--------+

Top non-repeatable levels by time:
   Elf:2: 4320 daAuts
 Crypt:3: 3762 daAuts
Vaults:3: 3685 daAuts
Depths:3: 3555 daAuts
   Zot:4: 3215 daAuts
 Crypt:1: 3209 daAuts
   Elf:3: 3031 daAuts
Depths:2: 3026 daAuts
Vaults:1: 2902 daAuts
 Crypt:2: 2885 daAuts
Depths:4: 2726 daAuts
    D:11: 2571 daAuts
   Zot:1: 2519 daAuts
Depths:1: 2379 daAuts
   Elf:1: 2378 daAuts
